 Dungeon Crawl Stone Soup version 0.31-a0-949-g57150269e1 (webtiles) character file.

Game seed: 1994886454927470938

284 rvierbuc the Digger (level 6, -2/53 HPs)
             Began as a Troll Earth Elementalist on Oct 22, 2023.
             Frozen to death by Runia's ghost (14 damage)
             ... on level 3 of the Dungeon.
             The game lasted 00:06:11 (2050 turns).

rvierbuc the Digger (Troll Earth Elementalist)      Turns: 2050, Time: 00:06:12

Health: -2/53      AC:  4    Str: 17    XL:     6   Next: 7%
Magic:  4/8        EV: 10    Int: 13    God:
Gold:   150        SH:  0    Dex: 10    Spells: 5/9 levels left

rFire   . . .        (no weapon)
rCold   . . .        (no shield)
rNeg    . . .        a - +0 robe
rPois   .            (helmet restricted)
rElec   .            d - scarf {harm}
rCorr   .            (gloves unavailable)
SInv    .            (boots unavailable)
Will    .....        (no amulet)
Stlth   ++           (no ring)
HPRegen 1.08/turn    (no ring)
MPRegen 0.11/turn

%: harm (+30% outgoing, +20% incoming)
@: no status effects
A: large, unfitting armour, claws 3, regeneration 1, shaggy fur 1, tough skin 1
a: no special abilities


You were on level 3 of the Dungeon.
You visited 1 branch of the dungeon, and saw 3 of its levels.

You collected 150 gold pieces.

Inventory:

Hand Weapons
 c - a +1 dagger of venom
Armour
 a - a +0 robe (worn)
 d - a scarf of harm (worn)
Talismans
 i - a maw talisman
Scrolls
 f - 2 scrolls of teleportation {unknown}
 g - a scroll of vulnerability {unknown}
 j - a scroll of enchant weapon {unknown}
 k - 2 scrolls of identify {unknown}
Potions
 b - a potion of magic
 e - 3 potions of haste {unknown}
 h - a potion of cancellation {unknown}
 l - a potion of enlightenment {unknown}
 m - a potion of berserk rage {unknown}


   Skills:
 + Level 2.7 Dodging
 + Level 1.8 Stealth
 + Level 2.0 Spellcasting
 + Level 2.0 Transmutations
 + Level 3.7 Earth Magic


You had 5 spell levels left.
You knew the following spells:

 Your Spells              Type           Power      Damage    Failure   Level
a - Sandblast             Erth           22%        2d7       5%          1
b - Stone Arrow           Conj/Erth      12%        3d7       34%         3

Your spell library contained the following spells:

 Spells                   Type           Power      Damage    Failure   Level
 Passwall                 Tmut/Erth      6%         N/A       12%         2
 Apportation              Tloc           2%         N/A       26%         1
 Necrotise                Necr           4%         1d4       26%         1
 Summon Small Mammal      Summ           4%         N/A       26%         1
 Petrify                  Tmut/Erth      8%         N/A       61%         4
 Brom's Barrelling Bould  Conj/Erth      6%         2d3       75%         4


Dungeon Overview and Level Annotations

Branches:
Dungeon (3/15)

Altars:

Shops:
D:1 (

Annotations:
D:3 1 runed translucent door, Runia's ghost, amateur MfIE


Innate Abilities, Weirdness & Mutations

You are too large for most types of armour.
You have claws for hands.
Your natural rate of healing is unusually fast.
You are covered in fur. (AC +1)
You have tough skin. (AC +1)


Message History

Runia's ghost hits you.
Casting: Sandblast (safe; 5% risk of failure)
Confirm with . or Enter, or press ? or * to list all spells.
Aiming: Sandblast (safe; 5% risk of failure)
Press: ? - help, Shift-Dir - straight line, f/p - Runia's ghost
Aim: Runia's ghost (moderately damaged, 77% to hit)
The blast of sand hits Runia's ghost.
Runia's ghost is heavily damaged.
Runia's ghost freezes you.
You are frozen!
Casting: Sandblast (safe; 5% risk of failure)
Confirm with . or Enter, or press ? or * to list all spells.
Aiming: Sandblast (safe; 5% risk of failure)
Press: ? - help, Shift-Dir - straight line, f/p - Runia's ghost
Aim: Runia's ghost (heavily damaged, 77% to hit)
The blast of sand hits Runia's ghost.
Runia's ghost is severely damaged.
Runia's ghost closely misses you. Runia's ghost hits you.
Casting: Sandblast (safe; 5% risk of failure)
Confirm with . or Enter, or press ? or * to list all spells.
Aiming: Sandblast (safe; 5% risk of failure)
Press: ? - help, Shift-Dir - straight line, f/p - Runia's ghost
Aim: Runia's ghost (severely damaged, 77% to hit)
The blast of sand misses Runia's ghost.
The blast of sand misses the rat.
The blast of sand hits the worm.
The worm is lightly wounded.
Runia's ghost wails, "Very impressive.
But it won't help.
Nothing will."
Runia's ghost closely misses you.
Casting: Sandblast (safe; 5% risk of failure)
Confirm with . or Enter, or press ? or * to list all spells.
Aiming: Sandblast (safe; 5% risk of failure)
Press: ? - help, Shift-Dir - straight line, f/p - Runia's ghost
Aim: Runia's ghost (severely damaged, 77% to hit)
The blast of sand hits Runia's ghost.
Runia's ghost is severely damaged.
Runia's ghost hits you!
* * * LOW HITPOINT WARNING * * *
Runia's ghost freezes you.
You are frozen!
You die...

#.....##.# #######
###.##.##.#####.##.#......
....#....)........#.####.
###..####.#.(...####.#....
####..####.#.##### #.#.#..
..#......)#.# #.#.... #
#.##.######.# #.##.#.
#.##.##.# ##...## #......
#.......# #.@...# ###...#
####.#######W##.#########...#
#.......##wrw#.##..<........
#.#..##.##~~~#.##.#.#.......
#.##.##..#~~~#......#.......
#...)....#~~~#......#.......
#..##.#..#~)~#.....###.#...#
#..##.#.##~~~#.#..## #.#...#
#.......##~~~#.#.... ..#...#


You could see 2 worms, Runia's ghost and a rat.

Vanquished Creatures
  Sigmund (D:3)
  Jessica (D:3)
  Natasha (D:3)
  An adder (D:2)
  2 worms (D:2)
  An orc (D:3)
  2 ball pythons
  8 endoplasms
  2 giant cockroaches (D:2)
  4 goblins
  7 hobgoblins
  6 kobolds
  A quokka (D:1)
  9 bats
  3 frilled lizards
  13 rats
62 creatures vanquished.

Notes
Turn   | Place    | Note
-------+----------+-------------------------------------------
     0 | D:1      | rvierbuc the Troll Earth Elementalist began the quest for
                  | the Orb.
     0 | D:1      | Reached XP level 1. HP: 16/16 MP: 1/1
   184 | D:1      | Reached XP level 2. HP: 12/24 MP: 0/3
   259 | D:1      | Reached skill level 1 in Transmutations
   504 | D:1      | Found Jopis's Antique Weapon Shop.
   574 | D:1      | Reached XP level 3. HP: 29/31 MP: 4/4
   877 | D:2      | Reached skill level 3 in Earth Magic
   885 | D:2      | Learned a level 3 spell: Stone Arrow
  1226 | D:2      | Reached XP level 4. HP: 37/39 MP: 5/5
  1678 | D:3      | Noticed Jessica
  1683 | D:3      | Killed Jessica
  1696 | D:3      | Found a runed translucent door.
  1731 | D:3      | Noticed Sigmund
  1764 | D:3      | Killed Sigmund
  1765 | D:3      | Reached XP level 5. HP: 23/45 MP: 1/7
  1830 | D:3      | Found a runed translucent door.
  1914 | D:3      | Noticed Natasha
  1920 | D:3      | Killed Natasha
  1921 | D:3      | Reached XP level 6. HP: 42/53 MP: 6/8
  2039 | D:3      | Noticed Runia's ghost (amateur MfIE)
  2050 | D:3      | Frozen to death by Runia's ghost

Illustrated notes

Levels and vault maps discovered:
D:1:      eino_arrival_water_star, layout_loops_cross, serial_shops,
          nicolae_shop_window_shopping, minmay_vboxes
D:2:      wad_river_or_something, layout_basic
D:3:      layout_loops_cross, xom_butterflies, ebering_ghost_sewer_f,
          minmay_fractal_squares_diagonal_5, uniq_sigmund, uniq_jessica,
          uniq_natasha

Skill      XL: |  1  2  3  4 |
---------------+-------------+-----
Transmutations | 1 2 |  2.0
Dodging        | 2 |  2.7
Earth Magic    | 3 |  3.7
Spellcasting   | 2 |  2.0
Stealth        | |  1.8

Action                     |  1- 3 |  4- 6 || total
---------------------------+-------+-------++-------
  Melee: Unarmed           |   117 |    38 ||   155
   Cast: Sandblast         |     6 |    13 ||    19
   Stab: Sleeping          |     3 |     1 ||     4
         Distracted        |       |     1 ||     1
 Armour: Robe              |    63 |    32 ||    95
  Dodge: Dodged            |    57 |    21 ||    78

Table legend: (Time is in decaauts)
 A = Elapsed time spent in this place.
 B = Non-inter-level travel time spent in this place.
 C = Inter-level travel time spent in this place.
 D = Time resting spent in this place.
 E = Time spent auto-exploring this place.
 F = Levels seen in this place.
 G = Mean time per level.
                   A        B        C        D        E       F      G
               +--------+--------+--------+--------+--------+-----+--------+
         Total |   2073 |   2024 |     49 |      0 |   1588 |   3 |  691.0 |
       Dungeon |   2073 |   2024 |     49 |      0 |   1588 |   3 |  691.0 |
               +--------+--------+--------+--------+--------+-----+--------+

Top non-repeatable levels by time:
     D:2: 891 daAuts
     D:1: 787 daAuts
     D:3: 394 daAuts
